 Dungeon Crawl Stone Soup version 0.29.1-14-g9c671dbff4 (webtiles) character file.

Game seed: 14638069808713667908

194 Mickster the Covered (level 5, 0/45 HPs)
             Began as a Demigod Fighter on Feb 12, 2023.
             Slain by a gnoll
             ... wielding a +0 spear
             ... led by a gnoll bouda
              (8 damage)
             ... on level 7 of the Dungeon.
             The game lasted 00:28:42 (2974 turns).

Mickster the Covered (Demigod Fighter)              Turns: 2974, Time: 00:28:42

Health: 0/45       AC: 13    Str: 18 (20) XL:     5   Next: 20%
Magic:  7/7        EV:  9    Int: 11 (14) God:
Gold:   107        SH:  4    Dex: 11 (12) Spells: 4/4 levels left

rFire   . . .      SeeInvis .   j - +2 falchion (protect)
rCold   . . .      Faith    .   c - +0 buckler
rNeg    . . .      Spirit   .   b - +0 scale mail
rPois   .          Reflect  .   (no helmet)
rElec   .          Harm     .   (no cloak)
rCorr   .          Rampage  .   (no gloves)
Will    .....                   (no boots)
Stlth   ..........              q - amulet of magic regeneration
HPRegen 0.15/turn               (no ring)
MPRegen 0.50/turn               (no ring)

@: under a protective aura, unable to read
A: high MP 1, forlorn, divine attributes, clever 1, subdued magic 1, inability
to read after injury 1
a: no special abilities


You were on level 7 of the Dungeon.
You visited 1 branch of the dungeon, and saw 5 of its levels.

You collected 227 gold pieces.
You spent 120 gold pieces at shops.

Inventory:

Hand Weapons
 a - a +1 war axe of protection
 d - a +1 whip of flaming
 f - a +0 spear
 j - a +2 falchion of protection (weapon)
 k - a +2 dagger of venom
 n - the +3 dagger of Cowardice {elec, Will+ MP-9 Dex+2 Stlth+}
   (You found it on level 2 of the Dungeon)

   It occasionally discharges a powerful burst of electricity upon striking a
   foe.
   Dex:       It affects your dexterity (+2).
   MP:        It affects your magic capacity (-9).
   Will:      It increases your willpower.
   Stlth:     It makes you more stealthy.
Missiles
 i - 30 stones
 s - 6 poisoned darts (quivered)
 t - 2 boomerangs
Armour
 b - a +0 scale mail (worn)
 c - a +0 buckler (worn)
 l - a +0 ring mail
 o - an orb of light
Jewellery
 q - an amulet of magic regeneration (around neck)
Scrolls
 g - a scroll of teleportation
Potions
 e - a potion of heal wounds
 h - 2 potions of attraction
 p - a potion of flight


   Skills:
 + Level 3.2 Fighting
 * Level 2.1 Short Blades
 - Level 2.0(2.1) Axes
 + Level 0.2(1.2) Maces & Flails
 + Level 3.6 Armour
 + Level 1.3 Dodging
 + Level 0.3 Stealth
 + Level 3.3 Shields


You had 4 spell levels left.
You didn't know any spells.
Your spell library contained the following spells:

 Spells                   Type           Power      Damage    Failure   Level
 Summon Small Mammal      Summ           0%         N/A       78%         1
 Call Canine Familiar     Summ           0%         N/A       99%         3
 Portal Projectile        Hex/Tloc       0%         N/A       99%         3
 Summon Guardian Golem    Hex/Summ       0%         N/A       99%         3
 Tukima's Dance           Hex            0%         N/A       99%         3
 Blade Hands              Tmut           0%         N/A       100%        5


Dungeon Overview and Level Annotations

Branches:
Dungeon (4/15)
 Temple: D:4-7

Shops:
D:7 (


Innate Abilities, Weirdness & Mutations

You have an increased reservoir of magic. (+10% MP)
You shall have no god before yourself.
Your divine heritage dramatically boosts your attributes as you level up.
Your mind is acute. (Int +4, Str/Dex -1)
Your spells are a little easier to cast, but a little less powerful.
You occasionally lose the ability to read scrolls when taking damage.


Message History

You are starting to lose your buoyancy.
You hit the gnoll bouda but do no damage.
Your weapon exudes an aura of protection.
A gnoll comes into view.
It is wielding a +2 flail of protection.
The gnoll bouda barks out a call to the hunt!
The gnoll picks up the pace!
The gnoll shouts!
You hit the gnoll bouda.
The gnoll bouda is lightly wounded.
You hear a shout!
The gnoll bouda barely misses you.
You hit the gnoll bouda.
The gnoll bouda is moderately wounded.
A gnoll comes into view. It is wielding a +0 spear.
The gnoll bouda barks out a call to the hunt!
The gnoll picks up the pace!
You barely miss the gnoll bouda.
The gnoll bouda is moderately wounded.
The gnoll bouda hits you but does no damage.
You block the gnoll bouda's attack.
You hit the gnoll bouda.
The gnoll bouda is heavily wounded.
You float gracefully downwards.
The gnoll bouda hits you with a +0 club.
The gnoll hits you with a +2 flail of protection!
You hit the gnoll bouda.
The gnoll bouda is severely wounded.
The gnoll bouda hits you with a +0 club!
The gnoll hits you with a +2 flail of protection.
The gnoll hits you but does no damage.
You closely miss the gnoll bouda.
The gnoll bouda is severely wounded.
The gnoll bouda hits you with a +0 club.
The gnoll hits you with a +2 flail of protection.
The gnoll hits you from afar with a +0 spear.
The gnoll hits you with a +2 flail of protection.
You feel threatened and lose the ability to read scrolls!
* * * LOW HITPOINT WARNING * * *
The gnoll hits you with a +0 spear!
You die...

#.#####.#####.#.#
#......>........#
#######.#####.###
#.#<# ....#. #.#.#
..#...
#######.#.##......
........#....##...
.........g........
..........@g......
..........g.......
..................
############......
.##### .# .. #


You could see a gnoll bouda and 2 gnolls.

Vanquished Creatures
  A scorpion (D:4)
  A hound (D:4)
  An orc priest (D:3)
  2 adders (D:2)
  2 dart slugs
  4 orcs
  7 ball pythons
  4 endoplasms
  10 goblins
  A hobgoblin (D:3)
  2 jackals (D:2)
  3 kobolds
  2 quokkas
  3 bats (D:2)
  2 frilled lizards (D:3)
  3 rats
48 creatures vanquished.

Vanquished Creatures (others)
  2 plants (D:3)
2 creatures vanquished.

Grand Total: 50 creatures vanquished

Notes
Turn   | Place    | Note
-------+----------+-------------------------------------------
     0 | D:1      | Mickster the Demigod Fighter began the quest for the Orb.
     0 | D:1      | Reached XP level 1. HP: 18/18 MP: 3/3
     5 | D:1      | Noticed a human
     5 | D:1      | Noticed a spriggan
     7 | D:1      | Noticed a formicid
     7 | D:1      | Noticed a naga
     9 | D:1      | Noticed a vine stalker
    11 | D:1      | Noticed an octopode
    11 | D:1      | Noticed a draconian
    13 | D:1      | Noticed an ogre
    13 | D:1      | Noticed a minotaur
    15 | D:1      | Noticed a tengu
    15 | D:1      | Noticed a demonspawn
    17 | D:1      | Noticed a palentonga
    17 | D:1      | Noticed a demigod
    19 | D:1      | Noticed a gargoyle
    19 | D:1      | Noticed a meteoran
    21 | D:1      | Noticed a felid
    23 | D:1      | Noticed an elf
    23 | D:1      | Noticed a vampire
    25 | D:1      | Noticed a ghoul
    25 | D:1      | Noticed a merfolk
    27 | D:1      | Noticed a vampire
    29 | D:1      | Noticed a minotaur
    29 | D:1      | Noticed a ghoul
   383 | D:2      | Reached XP level 2. HP: 22/25 MP: 4/4
   746 | D:2      | Reached XP level 3. HP: 31/31 MP: 5/5
   811 | D:2      | Identified the +3 dagger of Cowardice {elec, Will+ MP-9
                  | Dex+2 Stlth+}
  1266 | D:3      | Reached skill level 1 in Short Blades
  1389 | D:3      | Reached skill level 1 in Dodging
  1389 | D:3      | Reached XP level 4. HP: 12/38 MP: 0/6
  2781 | D:4      | Reached XP level 5. HP: 40/45 MP: 7/7
  2783 | D:4      | You fall into a shaft and drop 3 floors!
  2803 | D:7      | Found Gufenuk's Antique Weapon Shoppe.
  2806 | D:7      | Bought a glowing falchion for 120 gold pieces
  2929 | D:7      | Gained mutation: You occasionally lose the ability to read
                  | scrolls when taking damage. [potion of mutation]
  2929 | D:7      | Gained mutation: Your spells are a little easier to cast,
                  | but a little less powerful. [potion of mutation]
  2929 | D:7      | Gained mutation: Your mind is acute. (Int +4, Str/Dex -1)
                  | [potion of mutation]
  2974 | D:7      | Slain by a gnoll

Illustrated notes

Levels and vault maps discovered:
D:1:      kb_arrival_jail, layout_basic
D:2:      layout_loops_ring, basic_altar, nicolae_kite_square_tiling_tiny
D:3:      layout_basic, trog_wizard, shapermc_ecumenical_altar_mp_urbaneastern,
          minmay_misc_feat_columns
D:4:      layout_basic, serial_shops, nicolae_shop_waterfront,
          grunt_ministairs_10
D:7:      layout_basic, grunt_temple_overflow_order_and_chaos_1,
          nicolae_qazlal_scattered_showers, minmay_temple_entry_slanted,
          serial_shops, kennysheep_mini_moat

Skill      XL: |  1  2  3  4 |
---------------+-------------+-----
Armour         | 3 |  3.6
Shields        | 3 |  3.3
Axes           | 2 |  2.0
Fighting       | 3 |  3.2
Short Blades   | 1 2 |  2.1
Dodging        | 1 |  1.3
Maces & Flails | |  0.2
Stealth        | |  0.3

Action                   |  1- 3 |  4- 6 || total
-------------------------+-------+-------++-------
Melee: War axe           |    31 |    27 ||    58
       Dagger            |    57 |       ||    57
       Whip              |       |     7 ||     7
       Falchion          |       |    10 ||    10
  Use: Scroll            |     2 |     3 ||     5
       Potion            |     1 |     5 ||     6
Armor: Scale mail        |    46 |    16 ||    62
Dodge: Dodged            |    39 |    26 ||    65
Block: Buckler           |    22 |     1 ||    23
